 Dungeon Crawl Stone Soup version 0.31-a0-365-gcf821cafb2 (webtiles) character file.

Game seed: 11230012355479144065

4018 garrulousMonolith the Grappler (level 10, -4/81 HPs)
             Began as a Gnoll Shapeshifter on July 28, 2023.
             Was an Initiate of Ashenzari.
             Killed by vampiric draining
             ... invoked by a vampire
              (21 damage)
             ... on level 8 of the Dungeon.
             The game lasted 00:09:02 (7019 turns).

garrulousMonolith the Grappler (Gnoll Shapeshifter) Turns: 7019, Time: 00:09:03

Health: -4/81      AC:  9    Str: 26    XL:     10   Next: 23%
Magic:  17/17      EV: 12    Int: 12    God:    Ashenzari [......]
Gold:   468        SH:  0    Dex: 12    Spells: 18/19 levels left

rFire   . .          .
                       - Unarmed
rCold   . . .        H - melded +0 tower shield
rNeg    . . .        f - melded +0 chain mail
rPois   +            z - melded +1 helmet
rElec   .            C - melded +0 cloak
rCorr   .            r - melded +0 pair of gloves
SInv    .            (boots currently unavailable)
Will    .....        x - amulet of reflection
Stlth   +            g - ring of poison resistance
HPRegen 0.33/turn    F - +6 ring of strength
MPRegen 0.15/turn

%: reflection
@: confused, snake-form
A: constrict, large, (fangs 1), strong nose, distributed training
a: Begin Untransformation, Renounce Religion


You were on level 8 of the Dungeon.
You worshipped Ashenzari.
Ashenzari was noncommittal.
You were an enormous anaconda.
You visited 2 branches of the dungeon, and saw 9 of its levels.

You collected 468 gold pieces.

Inventory:

Missiles
 j - 2 throwing nets
 B - 2 curare-tipped darts
 D - 4 poisoned darts
 G - 5 atropa-tipped darts
Armour
 f - a +0 chain mail (melded)
 h - +0 steam dragon scales
 r - a +0 pair of gloves (melded)
 z - a +1 helmet (melded)
 C - a +0 cloak (melded)
 H - a +0 tower shield (melded)
Jewellery
 g - a ring of poison resistance (left hand)
 q - a ring of protection from fire
 u - a ring of wizardry
 x - an amulet of reflection (around neck)
 F - a +6 ring of strength (right hand)
Talismans
 c - a beast talisman
 e - a serpent talisman
Wands
 s - a wand of flame (25) (quivered)
 t - a wand of mindburst (18)
 y - a wand of polymorph (9)
 J - a wand of roots (8)
Scrolls
 d - a scroll of amnesia
 i - a scroll of blinking
 m - 4 scrolls of fog
 n - 2 scrolls of enchant armour
Potions
 a - a potion of berserk rage {unknown}
 b - 3 potions of lignification
 k - 2 potions of enlightenment
 l - a potion of resistance {unknown}
 o - a potion of brilliance {unknown}
 p - a potion of magic {unknown}
 A - a potion of invisibility
 E - a potion of mutation {unknown}
 I - 3 potions of cancellation


   Skills:
 + Level 5.8 Fighting
 + Level 5.2 Short Blades
 + Level 5.2 Long Blades
 + Level 5.2 Axes
 + Level 5.2 Maces & Flails
 + Level 5.2 Polearms
 + Level 5.2 Staves
 + Level 5.2 Ranged Weapons
 + Level 5.2 Throwing
 + Level 5.2 Armour
 + Level 7.0 Dodging
 + Level 5.2 Stealth
 + Level 5.2 Shields
 + Level 8.4 Unarmed Combat
 + Level 5.2 Spellcasting
 + Level 4.2 Conjurations
 + Level 4.2 Hexes
 + Level 4.2 Summonings
 + Level 4.2 Necromancy
 + Level 4.2 Translocations
 + Level 4.2 Transmutations
 + Level 4.2 Fire Magic
 + Level 4.2 Ice Magic
 + Level 4.2 Air Magic
 + Level 4.2 Earth Magic
 + Level 4.2 Poison Magic
 + Level 5.7 Invocations
 + Level 5.2 Evocations
 + Level 7.9 Shapeshifting


You had 18 spell levels left.
You knew the following spells:

 Your Spells              Type           Power      Damage    Failure   Level
a - Summon Small Mammal   Summ           52%        N/A       3%          1

Your spell library contained the following spells:

 Spells                   Type           Power      Damage    Failure   Level
 Call Canine Familiar     Summ           13%        N/A       10%         3
 Ignite Poison            Fire/Tmut/Pois 13%        N/A       10%         3
 Ozocubu's Armour         Ice            13%        N/A       10%         3
 Summon Guardian Golem    Hex/Summ       13%        N/A       10%         3
 Sticky Flame             Conj/Fire      13%        2d4       32%         4
 Ozocubu's Refrigeration  Ice            6%         4d8       100%        7
 Ignition                 Fire           6%         3d4       100%        8


Dungeon Overview and Level Annotations

Branches:
Dungeon (8/15)             Temple (1/1) D:7
   Lair: D:8-11

Altars:
Ashenzari
Cheibriados
Dithmenos
Elyvilon
Fedhas
Gozag
Hepliaklqana
Kikubaaqudgha
Makhleb
Okawaru
Qazlal
Ru
Sif Muna
Trog
Uskayaw
Vehumet
Wu Jian
Xom
Yredelemnul
Zin
The Shining One
Lugonu

Portals:
Abyss: D:3

Annotations:
D:3 3 runed translucent doors, Crazy Yiuf


Innate Abilities, Weirdness & Mutations

You are an enormous anaconda.
You have a powerful constriction melee attack.
Your armour is entirely melded.
You are incapable of wielding weapons or throwing items.
((You have very sharp teeth.))
Your uncanny sense of smell can sniff out nearby items.
Your experience applies equally to all skills.


Message History

The vampire bites you!
The vampire draws strength from your injuries!
You hit the vampire but do no damage.
The vampire is heavily damaged.
You constrict the vampire. You hit the vampire.
The vampire is severely damaged.
You constrict the vampire. The vampire draws life force from you!!
The vampire is healed by the life force!
You are too injured to fight recklessly!
You are too injured to fight recklessly!
You are too injured to fight recklessly!
You are too injured to fight recklessly!
You are too injured to fight recklessly!
You are too injured to fight recklessly!
You are too injured to fight recklessly!
You are too injured to fight recklessly!
You barely miss the vampire.
The vampire is heavily damaged.
You constrict the vampire.
The centaur shoots an arrow.
The arrow hits you! The vampire draws life force from you!
* * * LOW HITPOINT WARNING * * *
The vampire is healed by the life force!
You body-slam the vampire!!
The vampire is severely damaged.
You constrict the vampire!
The centaur unwields a +0 orcbow.
The centaur hits you.
* * * LOW HITPOINT WARNING * * *
The centaur barely misses you. The vampire hits you with a +0 trident!
* * * LOW HITPOINT WARNING * * *
The vampire bites you but does no damage.
You feel better.
You constrict the vampire. The centaur completely misses you.
The centaur kicks you but does no damage.
The vampire casts a spell at you.
You are confused.
The centaur barely misses you. The centaur misses you.
You're too confused to move!
You constrict the vampire, but do no damage.
The vampire draws life force from you!!
You die...

....# ...## ....#
................ ....#
...............####### ....#
..................... .>..#
........#............ ....#
##......#....V.....<. ....#####
#.......#............ ....#...#
#....V............... #####...#
#...Sc............... ###
#...#######.....)####........
..###.......###...?..####..<.....
....'.......'.'.....['...........
....#.......###......####...#.###
..###.......# #......# #...#.###
### ###.....# #......# #........
#.....# #......# #........
#.....###......# #....####


You could see a vampire and a centaur.

Vanquished Creatures
  A two-headed ogre (D:8)
  A gargoyle (D:8)
  Maggie (D:6)
  A slime creature (D:8)
  A yak (D:8)
  A wyvern (D:7)
  2 steam dragons (D:8)
  A water moccasin (D:6)
  2 black bears
  2 sky beasts (D:7)
  An ice beast (D:6)
  4 bullfrogs
  3 scorpions
  4 wights (D:8)
  A killer bee (D:8)
  9 hounds
  A jelly (D:7)
  2 orc priests
  A gnoll bouda (D:5)
  Ijyb (D:3)
  2 iguanas (D:5)
  6 orc wizards
  Robin (D:3)
  10 gnolls
  7 adders
  2 white imps (D:5)
  An ufetubus (D:7)
  A dart slug (D:3)
  23 orcs
  7 endoplasms
  2 giant cockroaches
  10 goblins
  8 hobgoblins
  6 jackals
  10 ball pythons
  4 bats
  6 frilled lizards
  5 kobolds
  3 rats
154 creatures vanquished.

Notes
Turn   | Place    | Note
-------+----------+-------------------------------------------
     0 | D:1      | garrulousMonolith the Gnoll Shapeshifter began the quest
                  | for the Orb.
     0 | D:1      | Reached XP level 1. HP: 17/17 MP: 1/1
   129 | D:1      | Reached XP level 2. HP: 3/23 MP: 2/2
  1037 | D:2      | Reached XP level 3. HP: 25/28 MP: 3/3
  1074 | D:2      | Reached skill level 1 in Invocations
  1507 | D:2      | Reached skill level 1 in Short Blades
  1507 | D:2      | Reached skill level 1 in Long Blades
  1507 | D:2      | Reached skill level 1 in Axes
  1507 | D:2      | Reached skill level 1 in Maces & Flails
  1507 | D:2      | Reached skill level 1 in Polearms
  1507 | D:2      | Reached skill level 1 in Staves
  1507 | D:2      | Reached skill level 1 in Ranged Weapons
  1507 | D:2      | Reached skill level 1 in Throwing
  1507 | D:2      | Reached skill level 1 in Armour
  1507 | D:2      | Reached skill level 1 in Stealth
  1507 | D:2      | Reached skill level 1 in Shields
  1507 | D:2      | Reached skill level 1 in Spellcasting
  1507 | D:2      | Reached skill level 1 in Evocations
  1523 | D:2      | Found a stormy altar of Qazlal.
  1966 | D:3      | Noticed Robin
  1968 | D:3      | Reached XP level 4. HP: 30/34 MP: 5/5
  1979 | D:3      | Killed Robin
  2058 | D:3      | Found a large runed translucent door.
  2067 | D:3      | Found a large runed translucent door.
  2071 | D:3      | Found a corrupted altar of Lugonu.
  2089 | D:3      | Reached skill level 1 in Conjurations
  2089 | D:3      | Reached skill level 1 in Hexes
  2089 | D:3      | Reached skill level 1 in Summonings
  2089 | D:3      | Reached skill level 1 in Necromancy
  2089 | D:3      | Reached skill level 1 in Translocations
  2089 | D:3      | Reached skill level 1 in Transmutations
  2089 | D:3      | Reached skill level 1 in Fire Magic
  2089 | D:3      | Reached skill level 1 in Ice Magic
  2089 | D:3      | Reached skill level 1 in Air Magic
  2089 | D:3      | Reached skill level 1 in Earth Magic
  2089 | D:3      | Reached skill level 1 in Poison Magic
  2164 | D:3      | Reached XP level 5. HP: 34/40 MP: 5/7
  2331 | D:3      | Noticed Ijyb
  2342 | D:3      | Killed Ijyb
  2604 | D:3      | Found a one-way gate to the infinite horrors of the Abyss.
  2807 | D:3      | Found a runed translucent door.
  2808 | D:3      | Noticed Crazy Yiuf
  3048 | D:4      | Reached XP level 6. HP: 34/47 MP: 8/8
  3237 | D:5      | Entered Level 5 of the Dungeon
  3245 | D:5      | Reached skill level 5 in Dodging
  3562 | D:4      | Reached XP level 7. HP: 30/52 MP: 10/10
  3570 | D:4      | Reached skill level 7 in Unarmed Combat
  4681 | D:5      | Reached XP level 8. HP: 42/60 MP: 12/12
  4828 | D:5      | Learned a level 1 spell: Summon Small Mammal
  4861 | D:6      | Noticed Maggie
  4873 | D:6      | Killed Maggie
  5329 | D:6      | Reached XP level 9. HP: 66/66 MP: 14/14
  5757 | D:7      | Found a staircase to the Ecumenical Temple.
  5766 | Temple   | Entered the Ecumenical Temple
  5830 | Temple   | Became a worshipper of Ashenzari the Shackled
  5899 | D:7      | Reached skill level 5 in Fighting
  6240 | D:8      | Noticed a gargoyle
  6243 | D:8      | Noticed a two-headed ogre
  6248 | D:8      | Reached skill level 8 in Unarmed Combat
  6251 | D:8      | Noticed a gargoyle
  6263 | D:8      | Reached skill level 5 in Invocations
  6772 | D:8      | Killed a gargoyle
  6773 | D:8      | Reached XP level 10. HP: 48/76 MP: 17/17
  6779 | D:8      | Noticed a two-headed ogre
  6797 | D:8      | Killed a two-headed ogre
  6798 | D:8      | Reached skill level 5 in Short Blades
  6798 | D:8      | Reached skill level 5 in Long Blades
  6798 | D:8      | Reached skill level 5 in Axes
  6798 | D:8      | Reached skill level 5 in Maces & Flails
  6798 | D:8      | Reached skill level 5 in Polearms
  6798 | D:8      | Reached skill level 5 in Staves
  6798 | D:8      | Reached skill level 5 in Ranged Weapons
  6798 | D:8      | Reached skill level 5 in Throwing
  6798 | D:8      | Reached skill level 5 in Armour
  6798 | D:8      | Reached skill level 5 in Stealth
  6798 | D:8      | Reached skill level 5 in Shields
  6798 | D:8      | Reached skill level 5 in Spellcasting
  6798 | D:8      | Reached skill level 5 in Evocations
  7019 | D:8      | Killed from afar by a vampire

Illustrated notes

Levels and vault maps discovered:
D:1:      dpeg_arrival_windows_large_door, layout_loops_ring
D:2:      layout_basic, basic_altar, minmay_distorted
D:3:      due_chaos_kobolds, layout_loops_ring, serial_bayou,
          serial_bayou_lake_a, serial_bayou_ford_a, serial_bayou_lagoon_a,
          serial_bayou_lagoon_b, uniq_robin, uniq_ijyb, uniq_crazy_yiuf_cottage
D:4:      layout_basic
D:5:      layout_rooms, kennysheep_crisscross
D:6:      layout_rooms, uniq_maggie
D:7:      layout_rooms, temple_statues
D:8:      minmay_bloctagon, layout_basic
Temple:   mainiacjoe_temple_starburst

Skill      XL: |  1  2  3  4  5  6  7  8  9 10 |
---------------+-------------------------------+-----
Invocations    | 1 2 3 4 5 |  5.7
Short Blades   | 1 2 3 4 5 |  5.2
Long Blades    | 1 2 3 4 5 |  5.2
Axes           | 1 2 3 4 5 |  5.2
Maces & Flails | 1 2 3 4 5 |  5.2
Polearms       | 1 2 3 4 5 |  5.2
Staves         | 1 2 3 4 5 |  5.2
Ranged Weapons | 1 2 3 4 5 |  5.2
Throwing       | 1 2 3 4 5 |  5.2
Armour         | 1 2 3 4 5 |  5.2
Stealth        | 1 2 3 4 5 |  5.2
Shields        | 1 2 3 4 5 |  5.2
Spellcasting   | 1 2 3 4 5 |  5.2
Evocations     | 1 2 3 4 5 |  5.2
Conjurations   | 1 2 3 4 |  4.2
Hexes          | 1 2 3 4 |  4.2
Summonings     | 1 2 3 4 |  4.2
Necromancy     | 1 2 3 4 |  4.2
Translocations | 1 2 3 4 |  4.2
Transmutations | 1 2 3 4 |  4.2
Fire Magic     | 1 2 3 4 |  4.2
Ice Magic      | 1 2 3 4 |  4.2
Air Magic      | 1 2 3 4 |  4.2
Earth Magic    | 1 2 3 4 |  4.2
Poison Magic   | 1 2 3 4 |  4.2
Fighting       | 3 4 5 |  5.8
Dodging        | 5 6 7 |  7.0
Unarmed Combat | 7 8 |  8.4
Shapeshifting  | 7 |  7.9

Action                     |  1- 3 |  4- 6 |  7- 9 | 10-12 || total
---------------------------+-------+-------+-------+-------++-------
  Melee: Unarmed           |    76 |   114 |   189 |    14 ||   393
         Constrict         |     5 |    26 |    33 |     3 ||    67
         Punch             |       |       |     2 |       ||     2
         Bite              |       |       |     1 |       ||     1
  Evoke: Wand              |       |       |     3 |       ||     3
    Use: Scroll            |     3 |       |    14 |       ||    17
         Potion            |       |     1 |     3 |     1 ||     5
   Stab: Sleeping          |     4 |     1 |     7 |       ||    12
 Armour: Animal skin       |     2 |       |       |       ||     2
         Skin              |    12 |    45 |    56 |     2 ||   115
         Chain mail        |       |       |     5 |       ||     5
  Dodge: Dodged            |    52 |    47 |    86 |    13 ||   198
  Block: Other             |       |       |    29 |     1 ||    30
   Form: Anaconda          |     1 |       |     2 |       ||     3
                           |       |       |     2 |       ||     2
         Beast             |       |       |     1 |       ||     1

Table legend: (Time is in decaauts)
 A = Elapsed time spent in this place.
 B = Non-inter-level travel time spent in this place.
 C = Inter-level travel time spent in this place.
 D = Time resting spent in this place.
 E = Time spent auto-exploring this place.
 F = Levels seen in this place.
 G = Mean time per level.
                   A        B        C        D        E       F      G
               +--------+--------+--------+--------+--------+-----+--------+
         Total |   6968 |   6698 |    270 |   1758 |   3821 |   9 |  774.2 |
       Dungeon |   6847 |   6672 |    175 |   1758 |   3821 |   8 |  855.9 |
        Temple |    120 |     25 |     95 |      0 |      0 |   1 |  120.0 |
               +--------+--------+--------+--------+--------+-----+--------+

Top non-repeatable levels by time:
     D:3: 1064 daAuts
     D:1: 992 daAuts
     D:2: 959 daAuts
     D:5: 910 daAuts
     D:8: 888 daAuts
     D:4: 884 daAuts
     D:6: 630 daAuts
     D:7: 517 daAuts
  Temple: 120 daAuts
